 Dungeon Crawl Stone Soup version 0.17-a0-957-ga3519be (webtiles) character file.

56 RobertPalmer the Slasher (level 3, -10/35 HPs)
             Began as a Naga Chaos Knight on May 7, 2015.
             Killed from afar by a fire drake (shapeshifter) (18 damage)
             ... with a blast of flame
             ... on level 2 of the Dungeon.
             The game lasted 00:02:10 (1838 turns).

RobertPalmer the Slasher (Naga Chaos Knight)        Turns: 1838, Time: 00:02:10

Health: -10/35     AC:  6    Str: 14    XL:     3   Next: 97%
Magic:  3/3        EV:  5    Int: 12    God:    Xom [..*...]
Gold:   86         SH:  7    Dex:  9    Spells: 0 memorised, 2 levels left

rFire  . . .     SeeInvis +     a - +0 falchion (chaos)
rCold  . . .     Clarity  .     b - +2 leather armour
rNeg   . . .     SustAb   .     i - +1 shield
rPois  +         Gourm    .     (no helmet)
rElec  .         Spirit   .     g - +0 cloak
rCorr  .         Warding  .     (no gloves)
rMut   .         Stasis   .     (no barding)
MR     .....                    (no amulet)
Stlth  +.........               (no ring)
                                (no ring)

@: drained, very slow, not resistant to hostile enchantments, very unstealthy
A: rugged brown scales 1, see invisible, clumsy 1, deformed body, mutation
resistance 1, poison resistance, slowness 2, slow metabolism 1, spit poison 2,
AC +1
a: Spit Poison, Renounce Religion


You were on level 2 of the Dungeon.
You worshipped Xom.
You were a toy of Xom.
You were not hungry.

You visited 1 branch of the dungeon, and saw 2 of its levels.

You collected 86 gold pieces.

Inventory:

Hand weapons
 a - a +0 falchion of chaos (weapon)
Armour
 b - a +2 leather armour (worn)
 g - a +0 cloak (worn)
   (You found it on level 2 of the Dungeon)
 i - a +1 shield (worn)
   (You found it on level 2 of the Dungeon)
Scrolls
 f - a scroll of amnesia
 h - a scroll of enchant armour
Potions
 d - 2 potions of cancellation
 e - a potion of mutation {unknown}
 j - a potion of agility {unknown}
 k - 2 potions of curing {unknown}
Comestibles
 c - 4 bread rations {@e1}


   Skills:
 - Level 3.0(1.9) Fighting
 + Level 4.7(3.6) Long Blades
 - Level 1.5(0.5) Armour
 - Level 0.7(0.0) Dodging


You had 2 spell levels left.
You didn't know any spells.

Dungeon Overview and Level Annotations

Branches:
Dungeon (2/15)

Altars:
Qazlal
Trog


Innate Abilities, Weirdness & Mutations

You cannot wear boots.
Your serpentine skin is tough (AC +1).
You have supernaturally acute eyesight.
Armour fits poorly on your strangely shaped body.
Your system is resistant to poisons.
You cover ground very slowly.
You have a slow metabolism.
You can spit poison.
You are partially covered in rugged brown scales (AC +1, +3% HP).
You are clumsy. (Dex -2)
You are somewhat resistant to further mutation.


Message History

k - 2 smoky orange potions (gained 1)
A bat comes into view.
Health restored: 35 A bat is nearby!
A bat is nearby!
Unknown command.
You slash the bat!
You kill the bat!
No target in view!
You found a shaft!
There is a shaft here.
A giant cockroach comes into view.
A giant cockroach is nearby!
A giant cockroach is nearby!
A giant cockroach is nearby!
The giant cockroach bites you but does no damage. x2
You hit the giant cockroach. You burn the giant cockroach.
The giant cockroach barely misses you.
The giant cockroach bites you but does no damage.
You hit the giant cockroach but do no damage.
The giant cockroach suddenly stops moving!
The helpless giant cockroach fails to defend itself.
You hit the giant cockroach. You burn the giant cockroach.
You kill the giant cockroach!
No target in view!
No target in view!
You see here a giant cockroach corpse.
You butcher the giant cockroach corpse.
l - 2 chunks of flesh {@w0} Eating one of 2 chunks of flesh {@w0}.
You are feeling hungry.
You continue eating. x2
Eating a chunk of flesh {@w0}.
You continue eating. x2
You now have 86 gold pieces (gained 6).
You open the door.
There is an open door here.
There is an open door here.
You open the door.
There is an open door here.
Found a stone staircase leading up.
Done exploring.
Done exploring.
Done exploring.
Done exploring.
(D) Dungeon
Where to? (? - help)
There is an open door here.
A worm comes into view.
The worm bites you.
You take 4 damage, and have 31/35 hp.
Your shield prevents you from hitting the worm.
The worm barely misses you.
You hit the worm.
The worm changes into a fire bat!
Xom thinks this is hilarious!
You block the fire bat's attack. x2
The fire bat bites you.
You are engulfed in flames.
You take 6 damage, and have 25/35 hp.
You slash the fire bat! You freeze the fire bat.
You block the fire bat's attack. x2
Your shield and leather armour prevent you from hitting the fire bat.
The fire bat bites you but does no damage. x2
The fire bat bites you.
You are engulfed in flames!
You take 11 damage, and have 14/35 hp.
MASSIVE DAMAGE!!
Unknown command.
You closely miss the fire bat. The fire bat bites you.
You are engulfed in flames.
* * * LOW HITPOINT WARNING * * *
You take 7 damage, and have 7/35 hp.
Unknown command.
You closely miss the fire bat.
The fire bat bites you but does no damage.
You start resting.
Xom's power touches on you. Xom watches you with interest.
You are now a toy of Xom.
You start resting.
A fire drake comes into view.
You regained 7 hp, and now have 15/35 hp.
Unknown command.
You aren't carrying any items that can be evoked.
Unknown command.
Read which item? (? for menu, Esc to quit)
As you read the scroll labeled BUIBID TYUWO, it crumbles to dust.
It is a scroll of enchant armour.
Enchant which item? (? for menu, Esc to quit)
Your cursed +0 shield glows green for a moment.
The fire drake bites you!
* * * LOW HITPOINT WARNING * * *
You take 7 damage, and have 8/35 hp.
Unknown command.
Drink which item? (? for menu, Esc to quit)
It was a potion of cancellation.
You feel magically purged.
Xom thinks this is hilarious!
The fire drake breathes flames at you. The blast of flame hits you!
Ouch! That really hurt!
You die...
Xom bursts into laughter!

#.#.######..........#.....###
#.#...........#.#####.....#
##.###########...# ##.##.#
.......#.#####..#######..#.######
##................#.............#
.....#.##......####.####.#.####.#
####.#.#....._.......)..........#
#.#.#.##....####.#####..###### #
#.#.#.#......@.........>......
####.#.#.#..#####k#.#####.#######
.....#.#.#........#.# #.#<.....
######.#.#.####.#.#.# #)####### #
#.#.#.# #.#.#.# #.# ######.#.#.#
#.#.#.# #.# .....#.#.#.####.#.#.#
#.# ####.#.#.#......#.#.# #.#
#.#.#)########.#.# #.#


You could see a fire drake.

Vanquished Creatures
  3 adders (D:2)
  2 worms (D:2)
  2 ball pythons
  4 bats
  2 goblins (D:1)
  7 hobgoblins
  2 giant cockroaches (D:2)
  3 giant newts (D:2)
  A rat (D:1)
26 creatures vanquished.

Notes
Turn   | Place    | Note
--------------------------------------------------------------
     0 | D:1      | RobertPalmer, the Naga Chaos Knight, began the quest for the Orb.
     0 | D:1      | Reached XP level 1. HP: 21/21 MP: 1/1
   104 | D:1      | Reached XP level 2. HP: 20/28 MP: 2/2
   105 | D:1      | XOM: harmless Necr miscast
   316 | D:1      | You fall through a shaft!
   316 | D:2      | Found a bloodstained altar of Trog.
   339 | D:2      | Reached skill level 4 in Long Blades
   411 | D:2      | XOM: colour smoke trail
   496 | D:2      | Reached XP level 3. HP: 25/34 MP: 3/3
   757 | D:2      | XOM: 1-stop teleportation journey
   863 | D:2      | XOM: 3-stop teleportation journey
   883 | D:2      | Found a stormy altar of Qazlal.
  1255 | D:2      | XOM: draining
  1457 | D:2      | XOM: give mutations
  1457 | D:2      | Gained mutation: You are clumsy. (Dex -2) [Xom's mischief]
  1457 | D:2      | Gained mutation: You are partially covered in rugged brown scales (AC +1, +3% HP). [Xom's mischief]
  1457 | D:2      | Gained mutation: You are somewhat resistant to further mutation. [Xom's mischief]
  1764 | D:2      | Noticed a fire bat
  1764 | D:2      | a worm changed into a fire bat
  1767 | D:2      | HP: 7/35 [fire bat (shapeshifter) (6)]
  1775 | D:2      | XOM: medium Erth miscast
  1837 | D:2      | Noticed a fire drake
  1837 | D:2      | HP: 8/35 [fire drake (shapeshifter) (7)]
  1838 | D:2      | Killed from afar by a fire drake (shapeshifter)

Action                   || total
-------------------------++-------
Melee: Falchion          ||    75
 Abil: Spit Poison       ||     6
  Use: Scroll            ||     2
       Potion            ||     1
 Stab: Paralysed         ||     1
  Eat: Chunk             ||     2

Vault maps used:
D:1:      dpeg_arrival_round_c, minmay_misc_feat_chi, minmay_distorted
D:2:      old_standard_altar, bloody_trog, first_bread

Table legend:
 A = Turns spent in this place as a percentage of turns spent in the entire game.
 B = Non-inter-level travel turns spent in this place as a percentage of non-inter-level travel turns spent in the entire game.
 C = Inter-level travel turns spent in this place as a percentage of turns spent in this place.
 D = Turns resting spent in this place as a percentage of non-inter-level travel turns spent in this place.
 E = Turns spent auto-exploring this place as a percentage of non-inter-level travel turns spent in this place.
 F = Non-inter-level travel turns spent in this place divided by the number of levels of this place that you've seen.
                   A       B       C       D       E      F
               +-------+-------+-------+-------+-------+----------------------
         Total | 100.0 | 100.0 |   0.3 |   4.5 |  12.4 | 165.0
       Dungeon | 100.0 | 100.0 |   0.3 |   4.5 |  12.4 | 165.0
               +-------+-------+-------+-------+-------+----------------------

Table legend:
 A = Kills in this place as a percentage of kills in entire the game.
 B = Kills by you in this place as a percentage of kills by you in the entire game.
 C = Kills by friends in this place as a percentage of kills by friends in the entire game.
 D = Other kills in this place as a percentage of other kills in the entire game.
 E = Experience gained in this place as a percentage of experience gained in the entire game.
 F = Experience gained in this place divided by the number of levels of this place that you have seen.
                   A       B       C       D       E      F
               +-------+-------+-------+-------+-------+----------------------
         Total | 100.0 | 100.0 |  -nan |  -nan | 100.0 |  40.5
       Dungeon | 100.0 | 100.0 |  -nan |  -nan | 100.0 |  40.5
               +-------+-------+-------+-------+-------+----------------------
